 Dungeon Crawl Stone Soup version 0.31.0-12-g77e489cdc1 (webtiles) character file.

Game seed: 6972064621446160945

107 Stomo444 the Trooper (level 4, -8/37 HPs)
             Began as a Demonspawn Fighter on Feb 28, 2024.
             Mangled by a gnoll
             ... wielding a +0 flail
              (9 damage)
             ... on level 4 of the Dungeon.
             The game lasted 00:04:01 (2015 turns).

Stomo444 the Trooper (Demonspawn Fighter)           Turns: 2015, Time: 00:04:01

Health: -8/37      AC:  7    Str: 18    XL:     4   Next: 57%
Magic:  4/4        EV: 16    Int:  8    God:
Gold:   94         SH:  0    Dex: 13    Spells: 3/3 levels left

rFire   + . .        a - +0 flail
rCold   . . .        (no shield)
rNeg    . . .        g - +1 ring mail {rF+}
rPois   .            (helmet restricted)
rElec   .            r - scarf {repulsion}
rCorr   .            (no gloves)
SInv    .            s - +0 pair of boots
Will    .....        (no amulet)
Stlth   +            (no ring)
HPRegen 0.26/turn    (no ring)
MPRegen 0.09/turn

%: repel missiles
@: mighty, agile, attractive, hasted, very quick
A: antennae 1, powered by pain 1
a: no special abilities


You were on level 4 of the Dungeon.
You visited 1 branch of the dungeon, and saw 4 of its levels.

You collected 94 gold pieces.

Inventory:

Hand Weapons
 a - a +0 flail (weapon)
Armour
 b - a +0 scale mail
 c - a +0 buckler
 e - a +0 cloak
 g - a +1 ring mail of fire resistance (worn)
 r - a scarf of repulsion (worn)
 s - a +0 pair of boots (worn)
Scrolls
 f - 2 scrolls of blinking {unknown}
 h - 2 scrolls of teleportation {unknown}
 i - a scroll of fog
 j - a scroll of poison
 o - a scroll of immolation {unknown}
 q - a scroll of identify
Potions
 k - a potion of magic
 l - 2 potions of curing
 m - a potion of attraction


   Skills:
 + Level 3.7 Fighting
 + Level 2.6 Maces & Flails
 + Level 3.4 Armour
 + Level 1.4 Dodging
 - Level 2.8 Shields


You had 3 spell levels left.
You didn't know any spells.
Your spell library contained the following spells:

 Spells                   Type           Power      Damage    Failure   Level
 Apportation              Tloc           0%         N/A       58%         1
 Jinxbite                 Hex            0%         N/A       75%         2
 Fugue of the Fallen      Necr           0%         N/A       92%         3
 Ozocubu's Armour         Ice            0%         N/A       92%         3
 Manifold Assault         Tloc           0%         N/A       100%        4
 Alistair's Intoxication  Alch           0%         N/A       100%        5


Dungeon Overview and Level Annotations

Branches:
Dungeon (4/15)
 Temple: D:4-7

Altars:

Annotations:
D:3 2 transporters, turdburglar's ghost, amateur NaSh


Innate Abilities, Weirdness & Mutations

You have a pair of small antennae on your head.
You sometimes gain a little power by taking damage.


Message History

The gnoll barely misses you. The orc hits you but does no damage.
The gnoll is attracted toward you. x3; The endoplasm is attracted toward you.
It was a potion of heal wounds.
You feel much better. The gnoll hits you but does no damage.
The orc closely misses you. The orc hits you but does no damage.
The orc barely misses you. The gnoll barely misses you.
The gnoll closely misses you.
It was a potion of haste.
You feel yourself speed up. The orc closely misses you.
The orc hits you but does no damage. The gnoll hits you with a +0 flail.
The orc hits you with a +0 club. The gnoll hits you with a +0 flail.
The gnoll closely misses you.
You feel very mighty all of a sudden. The orc hits you but does no damage.
The orc misses you. The orc hits you but does no damage.
You thump the gnoll!
The gnoll is severely wounded.
The gnoll hits you with a +0 flail. The orc hits you with a +0 club.
The orc hits you but does no damage. The orc misses you.
The gnoll hits you with a +0 flail!
* * * LOW HITPOINT WARNING * * *
You focus on the pain.
You feel agile all of a sudden.
You sock the orc!
You kill the orc!
The gnoll barely misses you. The orc barely misses you.
The orc closely misses you. The gnoll hits you with a +0 flail.
* * * LOW HITPOINT WARNING * * *
The gnoll barely misses you.
Unknown command.
You thump the orc!
You kill the orc!
Unknown command.
You feel better. The gnoll closely misses you.
The gnoll hits you with a +0 flail!
* * * LOW HITPOINT WARNING * * *
The orc barely misses you. The endoplasm freezes you.
You are frozen.
* * * LOW HITPOINT WARNING * * *
The gnoll hits you with a +0 flail!
You die...

.. . .# .. .##
... ..#....
.......
###.......
##.<......#
#gg........
#@g.......#
#.oJg........
#.......#.....#
#..#)=...###...#
#. #...... ...#
#. #..(.... ...
# ....####.
...... ..


You could see 4 gnolls, an orc and an endoplasm.

Vanquished Creatures
  Robin (D:2)
  3 adders
  3 ribbon worms
  2 orcs (D:4)
  3 endoplasms
  4 giant cockroaches
  8 goblins
  6 hobgoblins
  5 quokkas
  4 ball pythons
  6 bats
  2 frilled lizards
  A kobold (D:1)
  6 rats
54 creatures vanquished.

Vanquished Creatures (collateral kills)
  2 endoplasms (D:3)
  A kobold (D:3)
  A rat (D:3)
4 creatures vanquished.

Grand Total: 58 creatures vanquished

Notes
Turn   | Place    | Note
-------+----------+-------------------------------------------
     0 | D:1      | Stomo444 the Demonspawn Fighter began the quest for the
                  | Orb.
     0 | D:1      | Reached XP level 1. HP: 18/18 MP: 1/1
   142 | D:1      | Gained mutation: You have a pair of small antennae on your
                  | head. [demonic ancestry]
   142 | D:1      | Reached XP level 2. HP: 20/24 MP: 2/2
   587 | D:2      | Gained mutation: You sometimes gain a little power by
                  | taking damage. [demonic ancestry]
   587 | D:2      | Reached XP level 3. HP: 26/29 MP: 3/3
   930 | D:2      | Identified the +2 helmet of the Mango {rC+}
   930 | D:2      | Noticed Robin
   950 | D:2      | Killed Robin
   951 | D:2      | Reached skill level 1 in Dodging
  1448 | D:2      | Reached XP level 4. HP: 35/36 MP: 4/4
  1809 | D:3      | Found a transporter.
  1810 | D:3      | Found a transporter.
  1855 | D:3      | Noticed turdburglar's ghost (amateur NaSh)
  2015 | D:4      | HP: 1/37 [frozen (5)]
  2015 | D:4      | Mangled by a gnoll

Illustrated notes

Levels and vault maps discovered:
D:1:      lemuel_arrival_river_bridge, layout_rooms
D:2:      layout_basic, nicolae_elevator_lobby_plus, uniq_robin
D:3:      layout_rooms, gammafunk_ghost_gnarly_gnolls, st_stairs_12
D:4:      layout_cave_pools, grunt_temple_overflow_forces_of_nature,
          temple_green, serial_shops, shop_fountains, shop,
          nicolae_shop_tiny_waterfront

Skill      XL: |  1  2  3 |
---------------+----------+-----
Maces & Flails | 2 |  2.6
Armour         | 3 |  3.4
Dodging        | 1 |  1.4
Fighting       | |  3.7
Shields        | |  2.8

Action                     |  1- 3 |  4- 6 || total
---------------------------+-------+-------++-------
  Melee: Flail             |   122 |    45 ||   167
         Punch             |     2 |       ||     2
    Use: Scroll            |     1 |     9 ||    10
         Potion            |       |     5 ||     5
 Armour: Scale mail        |    14 |       ||    14
         Ring mail         |    94 |    49 ||   143
  Dodge: Dodged            |    74 |    40 ||   114
         Repelled          |       |     2 ||     2
  Block: Buckler           |     6 |       ||     6
